[ AOE2 MATCH · #504534645 ]
UnrankedMalians vs Gurjaras
Player's team · WIN
Rival team · LOSS
[ REPLAY ANALYSIS · EXTRACTED FROM THE RECORDED GAME ]
Feudal
9:33
Castle
20:05
Imperial
—
| APM avg | 60.7 |
| APM peak | 100 |
| eAPM avg | 25.2 |
| Villagers / military | 86 / 20 |
Focus
⚔️ 19.4% · 🌾 80.6%
Scout Cavalry ×6 · Knight ×5 · Militia ×5 · Monk ×2 · Spearman ×2
Feudal
8:51
Castle
—
Imperial
—
| APM avg | 30.9 |
| APM peak | 124 |
| eAPM avg | 17.8 |
| Villagers / military | 28 / 10 |
Focus
⚔️ 44.5% · 🌾 55.5%
Scout Cavalry ×6 · Skirmisher ×3 · Spearman ×1
Match map
Initial resources + every placement click. Lines = walls · curves = elevation contours. ◆ gold · ⬟ stone · ● berries · ✦ relic · ◌ wall gap
Your base· Open — 5t gap
MerlinAoE's base· Open — unwalled flank
Smoothed initial terrain · ◌ = detected wall gap · hover for details
Inputs per minute
— Berrante - - MerlinAoE
Build order — Berrante
First 150 of 232 actions detected
| 0:00 | Queue | Villager (Male) |
| 0:00 | Queue | Villager (Male) |
| 0:01 | Build | House |
| 0:03 | Build | House |
| 0:09 | Queue | Villager (Male) |
| 0:09 | Queue | Villager (Male) |
| 0:38 | Build | Barracks |
| 1:33 | Queue | Villager (Male) |
| 1:54 | Queue | Villager (Male) |
| 2:12 | Build | House |
| 2:24 | Queue | Villager (Male) |
| 2:53 | Queue | Villager (Male) |
| 3:18 | Queue | Militia |
| 3:27 | Queue | Villager (Male) |
| 3:30 | Build | House |
| 3:44 | Queue | Villager (Male) |
| 4:01 | Queue | Militia |
| 4:16 | Queue | Villager (Male) |
| 4:34 | Queue | Villager (Male) |
| 5:06 | Queue | Villager (Male) |
| 5:07 | Queue | Villager (Male) |
| 5:19 | Build | Mill |
| 5:29 | Queue | Villager (Male) |
| 6:20 | Queue | Villager (Male) |
| 6:27 | Build | Lumber Camp |
| 6:44 | Research | Loom |
| 7:23 | Research | Feudal Age |
| 7:58 | Build | Mining Camp |
| 8:37 | Queue | Militia |
| 8:37 | Queue | Militia |
| 8:50 | Build | Palisade Wall |
| 8:51 | Build | Palisade Wall |
| 9:09 | Build | House |
| 9:19 | Queue | Militia |
| 9:24 | Build | Palisade Wall |
| 9:33 | Age | Feudal Age |
| 9:36 | Queue | Villager (Male) |
| 9:43 | Research | Double-Bit Axe |
| 9:44 | Queue | Villager (Male) |
| 9:59 | Research | Man-at-Arms (upgrade) |
| 10:03 | Queue | Villager (Male) |
| 10:19 | Queue | Villager (Male) |
| 10:32 | Build | Farm |
| 10:33 | Build | Farm |
| 10:34 | Build | Farm |
| 10:50 | Queue | Villager (Male) |
| 10:52 | Build | Farm |
| 11:21 | Queue | Villager (Male) |
| 11:28 | Research | Arson |
| 11:37 | Queue | Villager (Male) |
| 11:44 | Build | Farm |
| 11:56 | Build | House |
| 12:11 | Research | Wheelbarrow |
| 12:14 | Build | Farm |
| 12:32 | Build | Farm |
| 12:59 | Build | Stable |
| 13:13 | Queue | Villager (Male) |
| 13:20 | Queue | Villager (Male) |
| 13:56 | Build | Farm |
| 13:59 | Queue | Villager (Male) |
| 14:16 | Build | Farm |
| 14:16 | Build | Farm |
| 14:16 | Build | Farm |
| 14:17 | Build | Farm |
| 14:17 | Build | Farm |
| 14:17 | Build | Farm |
| 14:22 | Queue | Villager (Male) |
| 14:22 | Queue | Villager (Male) |
| 14:44 | Build | Farm |
| 14:44 | Build | Farm |
| 14:45 | Build | Farm |
| 14:45 | Build | Farm |
| 14:45 | Build | Farm |
| 14:55 | Queue | Spearman |
| 15:07 | Build | House |
| 15:08 | Build | House |
| 15:09 | Build | Palisade Wall |
| 15:24 | Build | House |
| 15:30 | Build | Palisade Wall |
| 15:32 | Queue | Villager (Male) |
| 15:39 | Build | House |
| 15:59 | Build | House |
| 16:00 | Queue | Villager (Male) |
| 16:02 | Build | Farm |
| 16:18 | Build | Palisade Wall |
| 16:28 | Queue | Villager (Male) |
| 16:31 | Build | Farm |
| 16:40 | Build | House |
| 16:50 | Build | Blacksmith |
| 16:58 | Queue | Villager (Male) |
| 17:00 | Queue | Villager (Male) |
| 17:13 | Build | Farm |
| 17:22 | Research | Castle Age |
| 17:30 | Build | Farm |
| 17:50 | Research | Bloodlines |
| 18:03 | Research | Horse Collar |
| 18:03 | Research | Horse Collar |
| 18:07 | Queue | Spearman |
| 18:18 | Build | Stable |
| 18:27 | Queue | Scout Cavalry |
| 19:04 | Research | Forging |
| 19:19 | Build | Farm |
| 19:22 | Queue | Scout Cavalry |
| 19:23 | Queue | Scout Cavalry |
| 20:01 | Queue | Scout Cavalry |
| 20:02 | Queue | Scout Cavalry |
| 20:05 | Age | Castle Age |
| 20:07 | Research | Light Cavalry (upgrade) |
| 20:08 | Queue | Villager (Male) |
| 20:19 | Queue | Villager (Male) |
| 20:24 | Build | Town Center |
| 20:35 | Queue | Villager (Male) |
| 20:42 | Build | Lumber Camp |
| 20:46 | Build | House |
| 21:06 | Research | Bow Saw |
| 21:06 | Queue | Villager (Male) |
| 21:34 | Research | Scale Barding Armor |
| 21:47 | Queue | Villager (Male) |
| 21:48 | Queue | Villager (Male) |
| 21:51 | Build | House |
| 21:52 | Build | House |
| 21:52 | Build | House |
| 22:05 | Queue | Villager (Male) |
| 22:05 | Queue | Villager (Male) |
| 22:18 | Build | Farm |
| 22:19 | Build | Farm |
| 22:19 | Build | Farm |
| 22:19 | Build | Farm |
| 22:19 | Build | Farm |
| 22:19 | Build | Farm |
| 22:25 | Queue | Villager (Male) |
| 22:26 | Queue | Villager (Male) |
| 22:35 | Queue | Villager (Male) |
| 22:52 | Queue | Villager (Male) |
| 22:52 | Queue | Villager (Male) |
| 23:07 | Build | Town Center |
| 23:24 | Research | Iron Casting |
| 23:40 | Queue | Villager (Male) |
| 23:40 | Queue | Villager (Male) |
| 23:41 | Queue | Villager (Male) |
| 23:57 | Build | Farm |
| 23:57 | Build | Farm |
| 23:58 | Build | Farm |
| 23:59 | Build | Farm |
| 23:59 | Build | Farm |
| 23:59 | Build | Farm |
| 24:00 | Build | Farm |
| 24:00 | Build | Farm |
| 24:10 | Queue | Villager (Male) |
| 24:11 | Queue | Villager (Male) |
Build order — MerlinAoE
81 actions detected in the replay
| 0:00 | Queue | Villager (Male) |
| 0:01 | Queue | Villager (Male) |
| 0:02 | Build | House |
| 0:03 | Build | House |
| 0:14 | Queue | Villager (Male) |
| 0:29 | Queue | Villager (Male) |
| 1:22 | Queue | Villager (Male) |
| 1:25 | Build | House |
| 1:39 | Build | Mill |
| 1:55 | Queue | Villager (Male) |
| 2:12 | Queue | Villager (Male) |
| 2:36 | Queue | Villager (Male) |
| 3:05 | Queue | Villager (Male) |
| 3:07 | Build | House |
| 3:10 | Build | House |
| 3:21 | Queue | Villager (Male) |
| 3:27 | Build | House |
| 3:50 | Queue | Villager (Male) |
| 3:51 | Queue | Villager (Male) |
| 4:14 | Queue | Villager (Male) |
| 4:28 | Build | Lumber Camp |
| 4:37 | Queue | Villager (Male) |
| 4:43 | Queue | Villager (Male) |
| 5:05 | Queue | Villager (Male) |
| 5:16 | Queue | Villager (Male) |
| 5:19 | Queue | Villager (Male) |
| 5:28 | Build | House |
| 5:46 | Build | Palisade Wall |
| 5:47 | Build | Palisade Wall |
| 5:51 | Build | Palisade Wall |
| 5:53 | Build | Palisade Wall |
| 5:54 | Build | Palisade Wall |
| 6:02 | Research | Loom |
| 6:40 | Research | Feudal Age |
| 7:55 | Build | Barracks |
| 8:34 | Queue | Villager (Male) |
| 8:51 | Age | Feudal Age |
| 8:59 | Build | Stable |
| 9:09 | Build | Stable |
| 9:20 | Build | Palisade Wall |
| 9:22 | Queue | Villager (Male) |
| 9:25 | Research | Double-Bit Axe |
| 9:34 | Queue | Villager (Male) |
| 9:41 | Queue | Spearman |
| 9:45 | Queue | Scout Cavalry |
| 9:46 | Queue | Scout Cavalry |
| 9:51 | Research | Horse Collar |
| 9:51 | Research | Horse Collar |
| 10:12 | Build | House |
| 10:18 | Queue | Scout Cavalry |
| 10:21 | Build | Farm |
| 10:35 | Build | Palisade Wall |
| 10:36 | Queue | Villager (Male) |
| 10:44 | Build | House |
| 10:54 | Build | Farm |
| 11:04 | Queue | Villager (Male) |
| 11:11 | Build | Palisade Wall |
| 11:14 | Build | Palisade Wall |
| 11:17 | Build | Palisade Wall |
| 11:24 | Build | Palisade Wall |
| 11:24 | Build | Palisade Wall |
| 11:28 | Build | House |
| 11:32 | Build | House |
| 11:36 | Queue | Scout Cavalry |
| 11:37 | Queue | Villager (Male) |
| 11:39 | Build | Farm |
| 11:59 | Queue | Villager (Male) |
| 12:10 | Queue | Villager (Male) |
| 12:44 | Queue | Scout Cavalry |
| 12:55 | Build | Archery Range |
| 13:01 | Build | House |
| 13:21 | Queue | Scout Cavalry |
| 13:22 | Queue | Villager (Male) |
| 13:26 | Build | Blacksmith |
| 13:35 | Build | House |
| 13:46 | Build | Palisade Wall |
| 13:51 | Queue | Skirmisher |
| 14:05 | Queue | Villager (Male) |
| 14:17 | Queue | Skirmisher |
| 14:18 | Queue | Skirmisher |
| 14:25 | Build | House |
Match timeline
| 0:38 | Berrante · first_building Barracks |
| 5:46 | MerlinAoE · wall_segment Palisade Wall x1 |
| 5:47 | MerlinAoE · wall_segment Palisade Wall x1 |
| 5:51 | MerlinAoE · wall_segment Palisade Wall x1 |
| 5:53 | MerlinAoE · wall_segment Palisade Wall x1 |
| 5:54 | MerlinAoE · wall_segment Palisade Wall x1 |
| 7:55 | MerlinAoE · first_building Barracks |
| 8:50 | Berrante · wall_segment Palisade Wall x1 |
| 8:51 | MerlinAoE · age_up feudal |
| 8:51 | Berrante · wall_segment Palisade Wall x1 |
| 8:59 | MerlinAoE · first_building Stable |
| 9:20 | MerlinAoE · wall_segment Palisade Wall x13 |
| 9:24 | Berrante · wall_segment Palisade Wall x1 |
| 9:33 | Berrante · age_up feudal |
| 10:35 | MerlinAoE · wall_segment Palisade Wall x6 |
| 11:11 | MerlinAoE · wall_segment Palisade Wall x2 |
| 11:14 | MerlinAoE · wall_segment Palisade Wall x1 |
| 11:17 | MerlinAoE · wall_segment Palisade Wall x3 |
| 11:24 | MerlinAoE · wall_segment Palisade Wall x1 |
| 11:24 | MerlinAoE · wall_segment Palisade Wall x1 |
| 12:55 | MerlinAoE · first_building Archery Range |
| 12:59 | Berrante · first_building Stable |
| 13:46 | MerlinAoE · wall_segment Palisade Wall x2 |
| 15:09 | Berrante · wall_segment Palisade Wall x1 |
| 15:30 | Berrante · wall_segment Palisade Wall x8 |
| 16:18 | Berrante · wall_segment Palisade Wall x1 |
| 20:05 | Berrante · age_up castle |
| 27:57 | Berrante · first_building Monastery |
| 30:21 | MerlinAoE · resign |
[ AI ANALYSIS · 1 CREDIT ]
What really happened in this match?
Wolo.gg analyzes every decision: build order, eco, micro, common mistakes by bracket. Personalized analysis on WhatsApp or Discord in 30 seconds.
Civ guide
Malians
Perfil
Jugador #567639